 Dungeon Crawl Stone Soup version 0.23.2 (webtiles) character file.

Game seed: 7643199343034975559

191 uname the Conjurer (level 5, -9/38 HPs)
             Began as a Draconian Conjurer on Apr 13, 2019.
             Mangled by an ogre
             ... wielding a +0 giant club
              (19 damage)
             ... on level 4 of the Dungeon.
             The game lasted 00:27:20 (3615 turns).

uname the Conjurer (Draconian Conjurer)             Turns: 3615, Time: 00:27:20

Health: -9/38      AC:  6    Str: 11    XL:     5   Next: 41%
Magic:  4/9        EV: 13    Int: 16    God:
Gold:   100        SH:  0    Dex: 11    Spells: 7/10 levels left

rFire    . . .     SeeInvis .   (no weapon)
rCold    . . .     Gourm    .   (no shield)
rNeg     . . .     Faith    .   (armour unavailable)
rPois    .         Spirit   .   (helmet restricted)
rElec    .         Reflect  .   (no cloak)
rCorr    .         Harm     .   (no gloves)
MR       .....                  h - +0 pair of boots
Stlth    ++........             s - amulet of magic regeneration
HPRegen  0.12/turn              (no ring)
MPRegen  0.36/turn              (no ring)

@: no status effects
A: unfitting armour, cold-blooded, AC +5
a: no special abilities


You were on level 4 of the Dungeon.
You were not hungry.

You visited 1 branch of the dungeon, and saw 4 of its levels.

You collected 100 gold pieces.

Inventory:

Hand Weapons
 u - a +0 dagger
Armour
 h - a +0 pair of boots (worn)
Jewellery
 p - an uncursed ring of stealth {unknown}
 q - an uncursed amulet of harm {unknown}
 s - an amulet of magic regeneration (around neck)
Scrolls
 c - a scroll of enchant weapon {unknown}
 e - 2 scrolls of remove curse {unknown}
 f - a scroll of identify
 g - a scroll of amnesia {unknown}
 k - a scroll of immolation {unknown}
 l - a scroll of teleportation {unknown}
 m - a scroll of fog {unknown}
 o - a scroll of blinking {unknown}
Potions
 a - a potion of berserk rage {unknown}
 d - a potion of heal wounds {unknown}
 i - a potion of might {unknown}
 j - a potion of haste {unknown}
 n - 3 potions of flight
 r - 2 potions of ambrosia {unknown}
Comestibles
 b - 8 rations
 t - a chunk of flesh


   Skills:
 + Level 2.9 Dodging
 - Level 1.7 Stealth
 + Level 3.1 Spellcasting
 * Level 5.5 Conjurations


You had 7 spell levels left.
You knew the following spells:

 Your Spells              Type           Power        Failure   Level  Hunger
a - Magic Dart            Conj           ###.         1%          1    None
b - Searing Ray           Conj           ###...       2%          2    ##.....

Your spell library contained the following spells:

 Spells                   Type           Power        Failure   Level  Hunger
 Dazzling Spray           Conj/Hex       ##....       19%         3    ###....
 Iskenderun's Mystic Bla  Conj           ###.....     19%         4    ####...
 Force Lance              Conj/Tloc      ##......     52%         4    ####...
 Fulminant Prism          Conj/Hex       ##........   52%         4    ####...


Dungeon Overview and Level Annotations

Branches:
Dungeon (4/15)
 Temple: D:4-7

Altars:
Uskayaw


Innate Abilities, Weirdness & Mutations

Your plain brown scales are hard. (AC +5)
You cannot fit into any form of body armour.
You are cold-blooded and may be slowed by cold attacks.


Message History

The searing ray misses the ogre.
You finish channeling your searing ray.
The ogre misses you.
Casting: Searing Ray (safe; 2% risk of failure)
Confirm with . or Enter, or press ? or * to list all spells.
Aiming: Magic Dart (safe; 1% risk of failure)
Press: ? - help, Shift-Dir - straight line, f/p - ogre
Aim: an ogre, wielding a +0 giant club (severely wounded)
The magic dart hits the ogre.
The ogre is almost dead.
The ogre misses you.
Casting: Magic Dart (safe; 1% risk of failure)
Confirm with . or Enter, or press ? or * to list all spells.
Aiming: Magic Dart (safe; 1% risk of failure)
Press: ? - help, Shift-Dir - straight line, f/p - ogre
Aim: an ogre, wielding a +0 giant club (almost dead)
The magic dart hits the ogre.
The ogre is almost dead.
The ogre hits you with a +0 giant club!!
Ouch! That really hurt!
You die...

#####
##########...#
#............# ####
#.#####.##...# #..
#.#####.###.## #.#
#.##....##...####<#
#.##.##.##.#..@O..#
#.......##...######
####.#########
#.######. #........
#..####.. #..####
#.....# ##<##.#


You could see an ogre.

Vanquished Creatures
  A howler monkey (D:3)
  9 adders
  An ooze (D:3)
  A worm (D:3)
  A dart slug (D:2)
  6 bats
  6 giant cockroaches
  9 goblins
  6 hobgoblins
  6 jackals
  10 kobolds
  3 frilled lizards
  6 rats
65 creatures vanquished.

Vanquished Creatures (others)
  A goblin (D:2)
  A kobold (D:2)
2 creatures vanquished.

Grand Total: 67 creatures vanquished

Notes
Turn   | Place    | Note
-------+----------+-------------------------------------------
     0 | D:1      | uname the Draconian Conjurer began the quest for the Orb.
     0 | D:1      | Reached XP level 1. HP: 14/14 MP: 3/3
   385 | D:1      | Reached XP level 2. HP: 20/20 MP: 0/5
   884 | D:2      | Learned a level 2 spell: Searing Ray
  1114 | D:2      | Reached XP level 3. HP: 14/26 MP: 0/6
  2067 | D:2      | Reached XP level 4. HP: 33/33 MP: 1/7
  2326 | D:3      | Reached skill level 5 in Conjurations
  2511 | D:3      | Noticed a +0 dagger
  2512 | D:3      | Found a hide-covered altar of Uskayaw.
  2512 | D:3      | Noticed a +0 hand axe
  2916 | D:3      | Reached XP level 5. HP: 38/38 MP: 6/9
  3605 | D:4      | Noticed an ogre
  3615 | D:4      | Mangled by an ogre

Skill      XL: |  1  2  3  4  5 |
---------------+----------------+-----
Dodging        | 2 |  2.9
Conjurations   | 5 |  5.5
Spellcasting   | 3 |  3.1
Stealth        | |  1.7

Action                   |  1- 3 |  4- 6 || total
-------------------------+-------+-------++-------
Melee: Unarmed           |    15 |       ||    15
 Cast: Magic Dart        |    64 |    36 ||   100
       Searing Ray       |     6 |    12 ||    18
  Use: Scroll            |     2 |       ||     2
  Eat: Chunk             |     4 |     6 ||    10
Armor: Skin              |    21 |    14 ||    35
Dodge: Dodged            |    30 |    29 ||    59
